 Dungeon Crawl Stone Soup version 0.17-a0-1769-g54adf96 (webtiles) character file.

2004 ololoev the Cudgeler (level 9, -7/67 HPs)
             Began as a Green Draconian Skald on Sept 7, 2015.
             Was a Priest of Vehumet.
             Mangled by an orc warrior
             ... wielding a +0 war axe
              (20 damage)
             ... on level 8 of the Dungeon.
             The game lasted 00:24:10 (8116 turns).

ololoev the Cudgeler (Green Draconian Skald)        Turns: 8116, Time: 00:24:10

Health: -7/67      AC:  9    Str: 16    XL:     9   Next: 2%
Magic:  25/25      EV: 12    Int: 14    God:    Vehumet [***...]
Gold:   294        SH:  0    Dex: 11    Spells: 5 memorised, 8 levels left

rFire  . . .     SeeInvis .     D - +2 whip (venom)
rCold  . . .     Clarity  .     (armour unavailable)
rNeg   . . .     SustAt   .     (no shield)
rPois  +         Gourm    .     (helmet restricted)
rElec  .         Spirit   .     q - +0 cloak
rCorr  .         Warding  .     (no gloves)
rMut   .         Stasis   .     C - +0 pair of boots
MR     .....                    e - amulet of regeneration
Stlth  +.........               B - ring of magical power
                                l - ring of wizardry

@: not resistant to hostile enchantments, very unstealthy
A: breathe noxious fumes, unfitting armour, poison resistance, cold-blooded, AC
+7
a: Breathe Noxious Fumes, Renounce Religion


Innate Abilities, Weirdness & Mutations

You can breathe blasts of noxious fumes.
Your lurid green scales are hard (AC +7).
Your body does not fit into most forms of armour.
Your system is resistant to poisons.
You are cold-blooded and may be slowed by cold attacks.

Inventory:

Hand weapons
 D - a +2 whip of venom (weapon)
Armour
 q - a +0 cloak (worn)
 C - a +0 pair of boots (worn)
Jewellery
 e - an amulet of regeneration (around neck)
 l - a ring of wizardry (left hand)
 B - a ring of magical power (right hand)
Magical devices
 i - a wand of paralysis (8)
 s - a wand of fire (10)
 u - a wand of lightning (10)
 v - a wand of fireball (6)
 w - a wand of disintegration (8)
Scrolls
 b - a scroll of blinking {unknown}
 d - 2 scrolls of identify
 g - a scroll of recharging {unknown}
 h - 2 scrolls of magic mapping
 k - 2 scrolls of amnesia
 o - 2 scrolls of teleportation
 p - a scroll of fear
 y - a scroll of random uselessness {unknown}
 A - a scroll of remove curse
Potions
 c - a potion of haste
 m - 2 potions of berserk rage
 t - a potion of curing
 x - a potion of ambrosia
Comestibles
 f - 4 meat rations
 n - 4 bread rations
 r - 7 fruits
 z - 9 chunks of flesh


   Skills:
 - Level 2.1 Fighting
   Level 2.4(4.4) Axes
 - Level 5.6(5.9) Maces & Flails
 - Level 1.3 Dodging
 + Level 5.3 Spellcasting
 + Level 4.2 Conjurations
 - Level 4.5 Charms
 + Level 3.9 Ice Magic
 * Level 4.1 Air Magic


You had 8 spell levels left.
You knew the following spells:

 Your Spells              Type           Power        Failure   Level  Hunger
a - Infusion              Chrm           ###...       1%          1    None
c - Regeneration          Chrm/Necr      ##........   9%          3    ###....
d - Freeze                Ice            ##..         1%          1    None
e - Sting                 Conj/Pois      #...         1%          1    None
f - Airstrike             Air            ###.......   4%          4    ####...


You were on level 8 of the Dungeon.
You worshipped Vehumet.
Vehumet was most pleased with you.
You were not hungry.

You visited 1 branch of the dungeon, and saw 8 of its levels.

You collected 294 gold pieces.

#...##..........#
#...##..........#
#...##.....[....#
#...#######)##....
#....# ##.# # #
##.#.### #).# .#
#.#...###.###.#
#.###..##o#... #.#
#...@<#.#
#.###.##.O..#
#.....##...##
##..####....#####.##
#.## #...#.........
### #..########.##
#..# #..# #..#

Notes
Turn   | Place    | Note
--------------------------------------------------------------
     0 | D:1      | ololoev the Draconian Skald began the quest for the Orb.
     0 | D:1      | Reached XP level 1. HP: 17/17 MP: 3/3
   302 | D:1      | Reached XP level 2. HP: 24/24 MP: 5/5
   308 | D:1      | Learned a level 2 spell: Song of Slaying
   337 | D:1      | Reached skill level 3 in Maces & Flails
   981 | D:1      | Reached XP level 3. HP: 27/29 MP: 6/6
  1614 | D:2      | Learned a level 3 spell: Regeneration
  1963 | D:2      | Reached skill level 4 in Maces & Flails
  2195 | D:2      | Reached XP level 4. HP: 28/36 MP: 5/7
  2236 | D:2      | Found a radiant altar of Vehumet.
  2420 | D:2      | Noticed Natasha
  2442 | D:2      | Killed Natasha
  2497 | D:2      | Noticed Natasha
  2501 | D:2      | Killed Natasha
  2501 | D:2      | Reached skill level 5 in Maces & Flails
  2801 | D:2      | Became a worshipper of Vehumet
  3098 | D:2      | Reached XP level 5. HP: 39/41 MP: 3/8
  3524 | D:3      | Noticed Ijyb
  3533 | D:3      | Killed Ijyb
  3597 | D:3      | Found a sparkling altar of Nemelex Xobeh.
  3644 | D:3      | Acquired Vehumet's first power
  3644 | D:3      | Offered knowledge of Freeze by Vehumet.
  4079 | D:4      | Noticed an ogre
  4188 | D:4      | Killed an ogre
  4188 | D:4      | Reached XP level 6. HP: 40/48 MP: 1/10
  4328 | D:4      | Got a twisted hand axe
  4329 | D:4      | Identified the cursed +1 hand axe of Kosme {freeze, rC++} (You found it on level 4 of the Dungeon)
  4564 | D:4      | Reached skill level 1 in Axes
  4975 | D:5      | Entered Level 5 of the Dungeon
  5021 | D:5      | Found a snail-covered altar of Cheibriados.
  5022 | D:5      | Found a sacrificial altar of Ru.
  5043 | D:5      | Your scales start taking on a lurid green colour.
  5043 | D:5      | Gained mutation: Your system is resistant to poisons. [Green Draconian growth]
  5043 | D:5      | Reached XP level 7. HP: 55/55 MP: 12/12
  5135 | D:5      | Found a stormy altar of Qazlal.
  5255 | D:5      | Learned a level 1 spell: Freeze
  5345 | D:5      | Offered knowledge of Sting by Vehumet.
  5345 | D:5      | Reached skill level 1 in Ice Magic
  5355 | D:5      | Learned a level 1 spell: Sting
  5644 | D:5      | Found a basalt altar of Yredelemnul.
  5811 | D:6      | Reached skill level 1 in Conjurations
  5943 | D:6      | Found a staircase to the Ecumenical Temple.
  6079 | D:6      | Reached XP level 8. HP: 61/61 MP: 14/14
  6278 | D:6      | Learned a level 4 spell: Airstrike
  6607 | D:7      | HP: 2/61 [ogre/giant club (26)]
  6698 | D:7      | Reached skill level 1 in Air Magic
  6855 | D:7      | Found a bloodstained altar of Trog.
  6968 | D:7      | Offered knowledge of Mephitic Cloud by Vehumet.
  7521 | D:8      | Reached skill level 5 in Spellcasting
  7909 | D:8      | Found Ocsedyt's Antique Weapon Boutique.
  8096 | D:8      | Acquired Vehumet's second power
  8096 | D:8      | Reached XP level 9. HP: 67/67 MP: 16/16
  8116 | D:8      | Mangled by an orc warrior

Dungeon Overview and Level Annotations

Branches:
Dungeon (8/15)             Temple (0/1) D:6
   Lair: D:8-11

Altars:
Cheibriados
Nemelex Xobeh
Qazlal
Ru
Trog
Vehumet
Yredelemnul

Shops:
D:8 (


Message History

The worker ant is severely wounded.
You kill the worker ant!
Vehumet accepts your kill.
Things that are here:
a flail; an orc corpse No target in view!
No target in view!
You have got your breath back.
The orc warrior drinks a potion.
The orc warrior seems less confused.
You see here a dagger.
The orc warrior hits you with a war axe.
Found a stone staircase leading up.
You hit the orc warrior.
The orc warrior is lightly wounded.
The orc warrior closely misses you.
You completely miss the orc warrior.
The orc warrior is lightly wounded.
You hit the orc warrior but do no damage.
Your tail-slap misses the orc warrior.
The orc warrior is lightly wounded.
The orc warrior hits you with a war axe!
You hit the orc warrior.
The orc warrior is poisoned.
The orc warrior is moderately wounded.
The orc warrior hits you with a war axe!
You hit the orc warrior.
The orc warrior looks even sicker.
You tail-slap the orc warrior, but do no damage.
The orc warrior is moderately wounded.
You hit the orc warrior but do no damage.
The orc warrior is heavily wounded.
The orc warrior hits you with a war axe!
You see here a dagger.
An ogre comes into view. It is wielding a giant spiked club.
Things that are here:
a flail; an orc corpse
Things that are here:
a leather armour; a dagger
There is a stone staircase leading up here.
The ogre hits you with a giant spiked club!
The orc warrior hits you with a war axe!!
You die...

You could see an orc warrior and an ogre.

Vanquished Creatures
  A shadow (D:8)
  A water moccasin (D:8)
  An orc warrior (D:8)
  2 phantoms
  A centaur (D:7)
  4 ogres
  7 hounds
  3 orc priests (D:8)
  Ijyb (D:3)
  A crimson imp (D:5)
  A jelly (D:4)
  6 orc wizards
  Natasha (twice) (D:2)
  8 worker ants
  3 hound zombies
  A hound skeleton (D:6)
  A worker ant zombie (D:8)
  8 adders
  A shadow imp (D:5)
  2 oozes
  3 worms
  3 adder skeletons
  18 orcs
  A ball python (D:1)
  7 bats
  5 giant cockroaches
  12 goblins
  9 hobgoblins
  11 jackals
  5 quokkas
  7 giant geckos
  4 giant newts
  2 jackal zombies
  12 kobolds
  A quokka zombie (D:6)
  4 rats
159 creatures vanquished.

Action                   |  1- 3 |  4- 6 |  7- 9 || total
-------------------------+-------+-------+-------++-------
Melee: Mace              |   127 |   158 |       ||   285
       Hand axe          |       |    54 |   273 ||   327
       Whip              |       |       |    18 ||    18
 Cast: Infusion          |     3 |    12 |       ||    15
       Song of Slaying   |     1 |     1 |     1 ||     3
       Regeneration      |       |     4 |     7 ||    11
       Sting             |       |       |    11 ||    11
       Airstrike         |       |       |     4 ||     4
 Abil: Breathe Noxious F |       |       |    10 ||    10
  Use: Potion            |       |     7 |       ||     7
       Scroll            |       |       |     7 ||     7
 Stab: Confused          |       |       |     3 ||     3
  Eat: Bread ration      |     1 |       |       ||     1
       Chunk             |       |    11 |    13 ||    24
       Pizza             |       |       |     2 ||     2

Vault maps used:
D:1:      dpeg_arrival_circle_labyrinth_c
D:2:      fiery_altar_vehumet, minmay_misc_feat_rugged, uniq_natasha
D:3:      kennysheep_six_static_rooms, nemelex_deck, uniq_iyjb
D:4:      first_bread
D:5:      nicolae_overflow_hidden_temple
D:6:      minmay_flawed_box, temple_statues, serial_glass, glass_columns_a,
          glass_columns_a
D:7:      bloody_trog
D:8:      serial_shops, nicolae_shop_overgrown_old_shop, hangedman_ranch
